 Dungeon Crawl Stone Soup version 0.20.1-1-g8b1a95d (webtiles) character file.

100 Monsterracer the Caller (level 4, -3/38 HPs)
             Began as a Barachi Summoner on Sept 15, 2017.
             Slain by a sky beast (6 damage)
             ... on level 2 of the Dungeon.
             The game lasted 00:07:15 (4127 turns).

Monsterracer the Caller (Barachi Summoner)          Turns: 4127, Time: 00:07:16

Health: -3/38      AC:  4    Str: 10    XL:     4   Next: 74%
Magic:  6/7        EV: 12    Int: 16    God:
Gold:   126        SH:  0    Dex: 12    Spells: 2/8 levels left

rFire    . . .     SeeInvis .   i - +0 short sword
rCold    . . .     Gourm    .   (no shield)
rNeg     . . .     Faith    .   a - +0 robe
rPois    .         Spirit   .   (no helmet)
rElec    .         Reflect  .   (no cloak)
rCorr    .         Harm     .   e - +0 pair of gloves
MR       .....                  t - +0 pair of boots
Stlth    ++........             (no amulet)
Regen    0.2/turn               (no ring)
MPRegen  0.1/turn               (no ring)

@: can't hop, slow
A: +LOS, swims, slowness 1, strong legs 1
a: Hop


You were on level 2 of the Dungeon.
You were not hungry.

You visited 1 branch of the dungeon, and saw 3 of its levels.

You collected 126 gold pieces.

Inventory:

Hand Weapons
 i - a +0 short sword (weapon)
 s - a +1 antimagic dagger
Armour
 a - a +0 robe (worn)
 e - a +0 pair of gloves (worn)
 o - a +0 ring mail
 t - a +0 pair of boots (worn)
Scrolls
 f - 2 scrolls of amnesia {unknown}
 g - a scroll of recharging {unknown}
 h - a scroll of blinking {unknown}
 l - a scroll of enchant armour {unknown}
 m - 2 scrolls of identify {unknown}
 p - a scroll of fear {unknown}
 r - a scroll of teleportation {unknown}
Potions
 d - 2 potions of might
 k - a potion of brilliance {unknown}
 n - a potion of resistance {unknown}
 q - 2 potions of heal wounds {unknown}
Books
 b - a book of Callings

   Spells                             Type                      Level
   a - Summon Small Mammal            Summoning                    1
   b - Call Imp                       Summoning                    2
   c - Call Canine Familiar           Summoning                    3
   d - Summon Guardian Golem          Hexes/Summoning              3
   e - Summon Lightning Spire         Summoning/Air                4
   f - Summon Ice Beast               Ice/Summoning                4
Comestibles
 c - 2 bread rations
 j - 3 meat rations


   Skills:
 * Level 4.4 Fighting
 + Level 2.4 Dodging
 - Level 1.7 Stealth
 - Level 2.5 Spellcasting
 + Level 5.0 Summonings


You had 2 spell levels left.
You knew the following spells:

 Your Spells              Type           Power        Failure   Level  Hunger
a - Summon Small Mammal   Summ           ###.         2%          1    #......
b - Call Imp              Summ           ###.....     3%          2    ##.....
c - Call Canine Familiar  Summ           ###.....     8%          3    ###....


Dungeon Overview and Level Annotations

Branches:
Dungeon (3/15)

Altars:


Innate Abilities, Weirdness & Mutations

Shadows flee at your approach. (+LOS)
You can swim through water.
You cover ground slowly.
You can hop short distances.


Message History

You hit the sky beast.
The sky beast is moderately wounded.
Your hound bites the sky beast.
The sky beast barely misses you.
You hit the sky beast.
The sky beast is severely wounded.
Your hound closely misses the sky beast.
Your hound bites the sky beast.
The sky beast hits you.
* * * LOW HITPOINT WARNING * * *
The sky beast shocks you.
* * * LOW HITPOINT WARNING * * *
Huge Dmg: -15%(-6hp) hp: 14%(5hp) Unknown command.
You closely miss the sky beast.
The sky beast is severely wounded.
Your hound bites the sky beast.
The sky beast flickers out of sight!
Deactivating autopickup; reactivate with Ctrl-A.
Something hits you.
* * * LOW HITPOINT WARNING * * *
Something shocks you.
You die...

.#.#.(#.#..#.#.)#.#..#.#.#
.#)#..+.'..#.#..+.'..#.#.#
##.####.####.####.####.#.#
.......................#.#
######################.#.##
...........#.....# #.#..#
#.##.#.........#.#####....#
#.##....##..####..........#
#.####..##......@#######.########
#.......####.#.#{................
......#........#h#######.########
#####.#######..#.# #.#
#.........>#.#######.#
########.#.#.#.....#.#
#.#h#.#.###.#.# #.#.#.#.#.#.#.#
#.........#...#


You could see a friendly hound.

Vanquished Creatures
  2 adders (D:2)
  An ooze (D:2)
  3 worms (D:2)
  A leopard gecko (D:2)
  An orc (D:3)
  8 bats
  4 giant cockroaches
  5 goblins
  8 hobgoblins
  A quokka (D:2)
  4 frilled lizards
  6 rats
44 creatures vanquished.

Vanquished Creatures (collateral kills)
  2 adders
  A worm (D:2)
  2 orcs (D:3)
  A ball python (D:1)
  2 hobgoblins (D:1)
  2 kobolds
  4 bats
  2 frilled lizards
16 creatures vanquished.

Grand Total: 60 creatures vanquished

Notes
Turn   | Place    | Note
-------+----------+-------------------------------------------
     0 | D:1      | Monsterracer the Barachi Summoner began the quest for the Orb.
     0 | D:1      | Reached XP level 1. HP: 13/13 MP: 3/3
   102 | D:1      | Reached skill level 1 in Fighting
   246 | D:1      | HP: 7/15 [bat (1)]
   619 | D:1      | Reached XP level 2. HP: 22/22 MP: 1/5
   627 | D:1      | Learned a level 2 spell: Call Imp
   786 | D:1      | HP: 11/22 [hobgoblin (5)]
   791 | D:1      | HP: 4/22 [hobgoblin (3)]
  1417 | D:2      | Reached XP level 3. HP: 15/29 MP: 2/6
  1421 | D:2      | HP: 14/29 [poisoned by an adder]
  1422 | D:2      | Learned a level 3 spell: Call Canine Familiar
  1428 | D:2      | HP: 13/29 [poisoned by an adder]
  1628 | D:1      | HP: 14/29 [poisoned by an adder]
  1634 | D:1      | HP: 12/29 [poisoned by an adder]
  1641 | D:1      | HP: 10/29 [poisoned by an adder]
  1649 | D:1      | HP: 9/29 [poisoned by an adder]
  2069 | D:2      | HP: 13/30 [goblin/club (3)]
  2257 | D:2      | HP: 15/30 [worm (3)]
  2258 | D:2      | HP: 7/30 [worm (8)]
  2581 | D:2      | Reached XP level 4. HP: 32/37 MP: 7/7
  3276 | D:2      | Reached skill level 5 in Summonings
  3529 | D:3      | HP: 17/37 [orc/flail (5)]
  3530 | D:3      | HP: 7/37 [orc/flail (10)]
  3536 | D:3      | HP: 6/37 [bat (1)]
  3826 | D:3      | Noticed a sky beast
  3836 | D:3      | HP: 19/38 [something (1)]
  3841 | D:3      | HP: 14/38 [quokka (1)]
  3841 | D:3      | HP: 6/38 [something (6)]
  4114 | D:2      | HP: 17/38 [something (5)]
  4126 | D:2      | HP: 10/38 [sky beast (1)]
  4127 | D:2      | HP: 3/38 [something (2)]
  4127 | D:2      | Slain by a sky beast

Skill      XL: |  1  2  3  4 |
---------------+-------------+-----
Fighting       | 1 3 4 |  4.4
Summonings     | 5 |  5.0
Dodging        | |  2.4
Stealth        | |  1.7
Spellcasting   | |  2.5

Action                   |  1- 3 |  4- 6 || total
-------------------------+-------+-------++-------
Melee: Club              |    27 |       ||    27
       Unarmed           |     4 |       ||     4
       Short sword       |   112 |    86 ||   198
 Cast: Summon Small Mamm |    10 |       ||    10
       Call Imp          |     3 |       ||     3
       Call Canine Famil |     2 |     5 ||     7
 Abil: Hop               |     1 |     3 ||     4
 Stab: Sleeping          |     3 |     2 ||     5
       Distracted        |       |     1 ||     1
  Eat: Chunk             |     6 |     6 ||    12
Armor: Robe              |    34 |    30 ||    64
Dodge: Dodged            |   110 |    50 ||   160
